 Dungeon Crawl Stone Soup version 0.23-a0-456-gc514d67198 (webtiles) character file.

7 LostNumber the Caller (level 1, 0/14 HPs)
             Began as a Mummy Summoner on Nov 25, 2018.
             Hit by a stone thrown by a kobold (3 damage)
             ... on level 1 of the Dungeon.
             The game lasted 00:00:41 (107 turns).

LostNumber the Caller (Mummy Summoner)               Turns: 107, Time: 00:00:42

Health: 0/14       AC:  2    Str: 11    XL:     1   Next: 91%
Magic:  1/4        EV: 12    Int: 14    God:
Gold:   7          SH:  0    Dex: 12    Spells: 4/5 levels left

rFire    x . .     SeeInvis .   b - +0 dagger
rCold    + . .     Gourm    .   (no shield)
rNeg     + + +     Faith    .   a - +0 robe
rPois    ∞         Spirit   .   (no helmet)
rElec    .         Reflect  .   (no cloak)
rCorr    .         Harm     .   (no gloves)
MR       .....                  (no boots)
Stlth    ++........             (no amulet)
HPRegen  0.04/turn              (no ring)
MPRegen  0.09/turn              (no ring)

@: no status effects
A: no food or potions, fire vulnerability, cold resistance 1, negative energy
resistance 3, torment resistance, unbreathing
a: no special abilities


You were on level 1 of the Dungeon.
You were not hungry.

You visited 1 branch of the dungeon, and saw 1 of its levels.

You collected 7 gold pieces.

Inventory:

Hand Weapons
 b - a +0 dagger (weapon)
Armour
 a - a +0 robe (worn)


   Skills:
 + Level 0.5 Fighting
 - Level 1.5 Dodging
 - Level 1.5 Stealth
 + Level 2.9 Spellcasting
 * Level 3.4 Summonings


You had 4 spell levels left.
You knew the following spells:

 Your Spells              Type           Power        Failure   Level  Hunger
a - Summon Small Mammal   Summ           ##..         5%          1    N/A

Your spell library contained the following spells:

 Spells                   Type           Power        Failure   Level  Hunger
 Call Imp                 Summ           ##......     8%          2    N/A
 Call Canine Familiar     Summ           ##......     16%         3    N/A
 Summon Guardian Golem    Hex/Summ       #.......     32%         3    N/A
 Summon Ice Beast         Ice/Summ       #.......     71%         4    N/A
 Summon Lightning Spire   Summ/Air       #.......     71%         4    N/A

Dungeon Overview and Level Annotations

Branches:
Dungeon (1/15)

Altars:


Innate Abilities, Weirdness & Mutations

You do not eat or drink.
Your flesh is vulnerable to fire.
You are immune to poison.
Your flesh is cold resistant. (rC+)
You are immune to negative energy. (rN+++)
You are immune to unholy pain and torment.
You can survive without breathing.


Message History

Your bat barely misses the kobold.
The kobold closely misses your bat. The kobold barely misses you.
Casting: Summon Small Mammal (safe; 5% risk of failure)
Confirm with . or Enter, or press ? or * to list all spells.
Your bat hits the kobold but does no damage.
Your bat barely misses the kobold.
Your bat hits the kobold but does no damage. x2
The kobold hits you with a +0 dagger. The kobold hits you.
* * * LOW HITPOINT WARNING * * *
Your bat hits the kobold.
Your bat barely misses the kobold.
Your bat hits the kobold.
Your bat closely misses the kobold.
A rat comes into view.
The kobold hits your bat with a +0 dagger.
Your bat dies!
Your bat's corpse disappears in a puff of smoke!
The kobold throws a stone.
The stone closely misses you.
You see here a stone.
Your bat barely misses the kobold.
The kobold throws a stone.
The stone hits you.
You die...

## ###### .. #####....
.# ........# ..#
##..#.#######..### #
#.....).......... ..
#....#.#bK#r##.##..
......###.)K§@..(....
###....#.##K#.##.####
.........r.......#
..K.##..###..#..#.#
.... #.. #.#..#..#
#..###...#...#
........#..#.#
#.###..#..#..########.
.. #.#
#....#............


You could see 3 kobolds, a rat, a friendly bat and a friendly rat.

Vanquished Creatures
  A giant cockroach (D:1)
  4 goblins (D:1)
  2 bats (D:1)
7 creatures vanquished.

Notes
Turn   | Place    | Note
-------+----------+-------------------------------------------
     0 | D:1      | LostNumber the Mummy Summoner began the quest for the Orb.
     0 | D:1      | Reached XP level 1. HP: 13/13 MP: 4/4
   107 | D:1      | Hit by a stone thrown by a kobold

Vault maps used:
D:1:      dpeg_arrival_radiant, minmay_misc_feat_diagonals

Action                   || total
-------------------------++-------
Melee: Dagger            ||    21
 Cast: Summon Small Mamm ||     4
Armor: Robe              ||     9
Dodge: Dodged            ||    28

Table legend:
 A = Non-vault XP
 B = Vault XP
 C = Vault XP percentage of total XP
 D = Non-vault monster count
 E = Vault monster count
 F = Vault count percentage of total count
                 A         B        C        D         E       F
            +---------+---------+-------+---------+---------+-------
      Total |      11 |       0 |   0.0 |       7 |       0 |   0.0
            +---------+---------+-------+---------+---------+-------
        D:1 |      11 |       0 |   0.0 |       7 |       0 |   0.0
            +---------+---------+-------+---------+---------+-------
